AoeStats
← ApoC

Arabia

509340939Analyzed
3v3 RM · 5d ago on Sep 26, 2026· 77m 26s· 6 players
Game mode
Random Map
Map size
Normal (6 player)
Population
200
Speed
Normal
Resources
Standard
Victory
Conquest
Starting age
Dark Age
Ending age
Imperial Age
RankedLock teamsTeams togetherTeam positionsShared explorationLock speedFull tech treeHidden civsTurbo modeCheats
Victory
Defeat
🇪🇸 Spanish · Spain
632
+16
🇮🇹 Celts · Italy
605
+17
🇫🇮 Bengalis · Finland
593
+17
🇨🇱 Mongols · Chile
683
-20
🇪🇬 Britons · Egypt
594
-15
🇮🇳 Italians · India
580
-15
zenpegasus4
4:42 Loom
11:24 Feudal Age
12:25 Horse Collar
15:54 Gold Mining
16:23 Double-Bit Axe
18:34 Wheelbarrow
21:10 Castle Age
20:57 Bloodlines
21:12 Forging
21:41 Light Cavalry
21:46 Pikeman
24:23 Husbandry
28:26 Squires
35:25 Wheelbarrow
34:41 Town Watch
35:53 Heavy Plow
36:05 Bow Saw
36:53 Iron Casting
37:32 Hand Cart
39:56 Elite Skirmisher
42:23 Ballistics
43:05 Town Patrol
43:51 Thumb Ring
44:44 Fletching
48:19 Padded Archer Armor
48:17 Bodkin Arrow
52:12 Imperial Age
52:04 Fortified Wall
52:44 Hussar
58:07 Chemistry
67:40 Onager
72:16 Blast Furnace
71:21 Bracer
72:24 Leather Archer Armor
74:18 Masonry
74:52 Capped Ram
75:43 Siege Ram
ApoC
10:11 Loom
11:58 Feudal Age
13:25 Double-Bit Axe
13:45 Horse Collar
15:52 Stone Mining
20:13 Gold Mining
27:50 Castle Age
27:51 Bloodlines
27:50 Scale Barding Armor
27:36 Town Watch
28:47 Forging
28:01 Pikeman
28:45 Husbandry
29:30 Bow Saw
30:34 Scale Mail Armor
33:08 Caravan
33:46 Gambesons
33:57 Fletching
34:17 Squires
35:44 Chain Barding Armor
40:51 Paiks
41:15 Elite Skirmisher
42:50 Crossbowman
44:18 Heavy Plow
49:14 Padded Archer Armor
49:59 Chain Mail Armor
53:42 Imperial Age
52:00 Bodkin Arrow
52:21 Leather Archer Armor
52:42 Iron Casting
53:44 Siege Elephant
54:58 Conscription
54:26 Halberdier
55:41 Ballistics
56:45 Elite Elephant Archer
56:50 Arbalester
57:54 Mahayana
61:51 Elite Battle Elephant
64:31 Elite Ratha (Ranged)
65:48 Ring Archer Armor
65:19 Bracer
69:52 Chemistry
68:59 Siege Engineers
75:35 Coinage
75:16 Guilds
74:53 Arson
74:31 Man-at-Arms
76:15 Two-Man Saw
75:55 Gold Shaft Mining
76:28 Blast Furnace
76:24 Wheelbarrow
76:01 Masonry
salvo.anfuso
3:40 Loom
12:09 Feudal Age
25:44 Castle Age
25:59 Double-Bit Axe
25:58 Horse Collar
26:13 Gold Mining
27:31 Pikeman
27:57 Arson
27:36 Crossbowman
29:10 Bow Saw
32:32 Heavy Plow
33:37 Town Watch
37:53 Wheelbarrow
39:25 Caravan
39:55 Coinage
42:58 Imperial Age
42:22 Scale Barding Armor
42:18 Scale Mail Armor
42:19 Padded Archer Armor
42:10 Fletching
42:30 Forging
45:43 Banking
45:32 Hand Cart
47:30 Heavy Scorpion
52:42 Elite Woad Raider
54:25 Guilds
56:59 Leather Archer Armor
56:59 Chain Mail Armor
57:05 Chain Barding Armor
60:12 Onager
62:46 Siege Onager
65:05 Stronghold
bmo
10:57 Feudal Age
16:07 Castle Age
16:52 Crossbowman
21:36 Double-Bit Axe
24:07 Fletching
26:49 Thumb Ring
27:03 Padded Archer Armor
26:50 Horse Collar
28:21 Bodkin Arrow
35:02 Bow Saw
35:43 Wheelbarrow
37:43 Imperial Age
35:15 Gold Mining
38:28 Leather Archer Armor
38:55 Ballistics
41:06 Elite Genoese Crossbowman
43:43 Onager
43:49 Arbalester
50:13 Capped Ram
51:17 Pikeman
51:58 Squires
52:16 Forging
52:06 Scale Mail Armor
52:37 Ring Archer Armor
52:08 Bracer
FrankoDerz!
10:56 Feudal Age
15:37 Double-Bit Axe
15:35 Horse Collar
21:57 Castle Age
30:40 Wheelbarrow
30:20 Bow Saw
38:30 Imperial Age
38:12 Hand Cart
37:44 Loom
37:45 Town Watch
38:19 Scale Barding Armor
38:27 Forging
40:04 Drill
42:11 Chemistry
samko.keta
10:04 Feudal Age
11:07 Double-Bit Axe
11:06 Horse Collar
18:23 Castle Age
19:13 Bow Saw
25:12 Stone Mining
25:15 Gold Mining
26:52 Gold Shaft Mining
35:37 Imperial Age
32:55 Loom
33:45 Wheelbarrow
32:55 Town Watch
35:08 Hand Cart
34:53 Town Patrol
37:21 Conscription
36:26 Elite Longbowman
37:26 Yeomen
37:06 Warwolf
37:44 Hoardings
38:17 Chemistry
37:38 Ballistics
37:15 Murder Holes
39:14 Two-Man Saw
38:42 Heavy Plow
40:47 Warwolf
40:44 Fletching
40:55 Padded Archer Armor
44:46 Bodkin Arrow
45:06 Leather Archer Armor
45:56 Treadmill Crane
46:25 Siege Engineers
46:30 Masonry
55:04 Bracer
55:35 Ring Archer Armor
55:40 Architecture
55:51 Caravan
56:04 Guilds
Connection lost

Rejoining the realm…

Still unreachable

The connection could not be restored.

Session expired

The server has moved on; the page needs a fresh start.